AoeStats
← chenya_ko

Arabia

507947135Analyzed
1v1 RM · 13d ago on Sep 20, 2026· 31m 50s· 2 players
Game mode
Random Map
Map size
Tiny (2 player)
Population
200
Speed
Normal
Resources
Standard
Victory
Conquest
Starting age
Dark Age
Ending age
Imperial Age
RankedLock teamsTeams togetherTeam positionsShared explorationLock speedFull tech treeHidden civsTurbo modeCheats
Victory
Defeat
🇹🇼 Japanese · Taiwan
1026
+15
🇬🇧 Franks · United Kingdom
998
-15
TT-BOND
6:05 Loom
11:25 Feudal Age
14:35 Double-Bit Axe
16:28 Gold Mining
24:34 Castle Age
25:04 Padded Archer Armor
24:51 Elite Skirmisher
26:53 Bow Saw
28:22 Husbandry
29:12 Fletching
chenya_ko
2:03 Loom
9:49 Feudal Age
9:53 Man-at-Arms
13:18 Fletching
18:48 Wheelbarrow
19:10 Forging
23:29 Castle Age
23:37 Castle Age
21:29 Horse Collar
21:57 Gold Mining
21:55 Arson
22:15 Double-Bit Axe
22:50 Scale Mail Armor
23:37 Padded Archer Armor
24:20 Long Swordsman
24:46 Gambesons
25:01 Squires
25:43 Iron Casting
26:21 Chain Mail Armor
26:54 Bow Saw
27:30 Heavy Plow
30:01 Town Watch
31:56 Hand Cart
Connection lost

Rejoining the realm…

Still unreachable

The connection could not be restored.

Session expired

The server has moved on; the page needs a fresh start.